 Dungeon Sprint DCSS version 0.17-a0-1719-g1afd5a1 (webtiles) character file.

50975 Kidiri the Imperceptible (level 13, -7/55 HPs)
             Began as a Spriggan Enchanter on Aug 27, 2015.
             Was the Champion of Dithmenos.
             Mangled by a deep elf blademaster (11 damage)
             ... in the Dungeon (Sprint III: "The Ten Rune Challenge").
             The game lasted 00:35:59 (6714 turns).

Kidiri the Imperceptible (Spriggan Enchanter)       Turns: 6714, Time: 00:35:59

Health: -7/55      AC:  6    Str:  4    XL:     13   Next: 61%
Magic:  19/35      EV: 36    Int: 19    God:    Dithmenos [******]
Gold:   6045       SH:  0    Dex: 19    Spells: 12 memorised, 3 levels left

rFire  . . .     SeeInvis +     a - +1 dagger
rCold  + . .     Clarity  .     q - +2 robe {rC+}
rNeg   . . .     SustAt   .     (shield restricted)
rPois  .         Gourm    .     r - +0 hat {SInv}
rElec  .         Spirit   .     m - +1 cloak {+Inv}
rCorr  .         Warding  .     (gloves unavailable)
rMut   .         NoTele   +     (boots unavailable)
MR     ++...                    (no amulet)
Stlth  ++++++++++               (no ring)
                                (no ring)

@: very slightly contaminated, wreathed by umbra, very quick, very resistant to
hostile enchantments, uncannily stealthy
A: unfitting armour, see invisible, herbivore 3, speed 3, slow metabolism 2
a: Shadow Step, Shadow Form, Renounce Religion, Evoke Invisibility
}: 1/10 runes: serpentine


You were in the Dungeon.
You worshipped Dithmenos.
Dithmenos was exalted by your worship.
You were full.

You visited 1 branch You collected 6675 gold pieces.
You spent 630 gold pieces at shops.

Inventory:

Hand weapons
 a - a +1 dagger (weapon)
Armour
 m - a +1 cloak of invisibility (worn)
 q - a +2 robe of cold resistance (worn)
 r - a +0 hat of see invisible (worn)
Magical devices
 k - a wand of polymorph (10)
Scrolls
 d - a scroll of enchant armour {unknown}
 p - a scroll of holy word
 v - a scroll of immolation {unknown}
 w - a scroll of remove curse {unknown}
Potions
 e - a potion of invisibility {unknown}
 f - 2 potions of curing
 g - a potion of haste
 h - a potion of magic
 i - a potion of brilliance {unknown}
 l - a potion of berserk rage
 n - a potion of might
 t - 2 potions of cure mutation
 u - 4 potions of flight
Books
 b - a book of Power

   Spells                             Type                      Level
   a - Fulminant Prism                Conjuration/Hexes            4
   b - Iskenderun's Mystic Blast      Conjuration                  4
   c - Venom Bolt                     Conjuration/Poison           5
   d - Bolt of Magma                  Conjuration/Fire/Earth       5
   e - Iron Shot                      Conjuration/Earth            6
   f - Orb of Destruction             Conjuration                  7
   g - Spellforged Servitor           Conjuration/Summoning        7
 j - a book of Clouds

   Spells                             Type                      Level
   a - Mephitic Cloud                 Conjuration/Poison/Air       3
   b - Conjure Flame                  Conjuration/Fire             3
   c - Poisonous Cloud                Conjuration/Poison/Air       6
   d - Freezing Cloud                 Conjuration/Ice/Air          6
   e - Ring of Flames                 Charms/Fire                  7
Comestibles
 c - 30 royal jellies


   Skills:
 + Level 11.8 Short Blades
 * Level 20.1 Dodging
 * Level 21.6 Stealth
 * Level 17.2 Spellcasting
 + Level 8.2 Conjurations
 + Level 13.1 Hexes
 + Level 13.4 Translocations
 + Level 12.5 Transmutations
 + Level 9.0 Ice Magic
 + Level 9.3 Earth Magic
 + Level 4.2 Poison Magic
 - Level 2.4 Invocations


You had 3 spell levels left.
You knew the following spells:

 Your Spells              Type           Power        Failure   Level  Hunger
a - Corona                Hex            ######.      1%          1    None
b - Ensorcelled Hibernat  Hex/Ice        ######       1%          2    None
c - Confuse               Hex            ######..     1%          3    None
d - Tukima's Dance        Hex            ######..     1%          3    None
e - Dazzling Spray        Conj/Hex       ######..     1%          3    None
f - Passwall              Trmt/Erth      ######....   1%          3    None
g - Passage of Golubria   Tloc           N/A          1%          4    None
h - Lee's Rapid Deconstr  Erth           ######....   1%          5    ###....
i - Darkness              Hex            ######....   2%          6    #####..
j - Fulminant Prism       Conj/Hex       ######....   1%          4    None
k - Iskenderun's Mystic   Conj           #####...     1%          4    None
l - Venom Bolt            Conj/Pois      #####.....   10%         5    ###....


Dungeon Overview and Level Annotations

Branches:
Dungeon (1/1)

Altars:
Cheibriados
Dithmenos
Elyvilon
Fedhas
Gozag
Kikubaaqudgha
Makhleb
Nemelex Xobeh
Okawaru
Qazlal
Ru
Sif Muna
Trog
Vehumet
Xom
Yredelemnul
Zin
The Shining One
Jiyva
Lugonu

Shops:
D :?[[


Innate Abilities, Weirdness & Mutations

You are tiny and cannot use many weapons and most armour.
You have supernaturally acute eyesight.
You are a herbivore.
You cover ground extremely quickly.
You need consume almost no food.


Message History

Confirm with . or Enter, or press ? or * to list all spells.
Aiming: Venom Bolt
Press: ? - help, Shift-Dir - straight line, f/p - deep elf blademaster
Aim: a deep elf blademaster, wearing a shiny chain mail and wearing a garnet ring (heavily wounded, umbra)
You miscast Venom Bolt.
You feel odd. The deep elf blademaster hits you!
The deep elf blademaster barely misses you.
Unknown command.
Casting: Venom Bolt
Confirm with . or Enter, or press ? or * to list all spells.
Aiming: Venom Bolt
Press: ? - help, Shift-Dir - straight line, p - deep elf blademaster The bolt of poison misses the deep elf blademaster.
Your shadow mimicks your spell!
The shadow bolt hits the deep elf blademaster.
The deep elf blademaster hits you!
* * * LOW HITPOINT WARNING * * *
The deep elf blademaster hits you!
* * * LOW HITPOINT WARNING * * *
You emit a cloud of dark smoke.
The deep elf blademaster hits you!
You die...

▓▓ ▓▓▓▓▓▓ .############
####....########***
.#___#__.#__###∩#..##..'.#§.^#*e)
.#÷..#...#%_#.........##.#§§.##≈≈
.###+#+###+##..§§§....##.#§§§≈≈≈|
.#..........#..§@e...#.#.#§..##≈≈
.'.⌠........#..§##.#.#.#§§§§.#*,[
.#...######'#.#.#..##..#######***
.#.⌠.#__#...#'###################
.#...#__#...#§§§≈≈+.#.+...+.#.#.#
.#+###__#...#§#≈≈§#.#.#...##.#.#.
.#...#__#...'.#.§§#.#.#...#.#.#.#
.#___#_.+...#.#§.§#...#...##.#.#.
▓▓▓▓▓▓▓▓▓▓▓▓▓▓▓▓▓▓▓▓▓▓▓▓▓▓#.#.#.#


You could see a deep elf blademaster.

Vanquished Creatures
  Rupert (D)
  Gastronok (D)
  A greater naga (D)
  2 deep elf annihilators (D)
  A deep elf demonologist (D)
  2 dire elephants (D)
  A deep elf death mage (D)
  A deep elf high priest (D)
  A naga warrior (D)
  2 hydras (D)
  Erica (D)
  6 anacondas (D)
  A centaur warrior (D)
  4 death yaks (D)
  2 orc high priests (D)
  2 deep elf knights (D)
  A death drake (D)
  An unseen horror (D)
  2 deep elf summoners (D)
  A spriggan druid (D)
  A deep elf conjurer (D)
  A lindwurm (D)
  An orc sorcerer (D)
  4 black mambas (D)
  2 spiny frogs (D)
  2 elephants (D)
  A guardian serpent (D)
  A komodo dragon (D)
  3 wandering mushrooms (D)
  2 deep elf priests (D)
  A fire drake (D)
  A queen bee (D)
  8 blink frogs (D)
  2 spriggans (D)
  3 redbacks (D)
  A shadow (D)
  A spatial vortex (D)
  2 nagas (D)
  5 water moccasins (D)
  An orc warrior (D)
  A swamp drake (D)
  2 centaurs (D)
  2 brain worms (D)
  An earth elemental (D)
  A necrophage (D)
  A water elemental (D)
  32 killer bees (D)
  An electric eel (D)
  8 orc priests (D)
  A jelly (D)
  3 orc wizards (D)
  Crazy Yiuf (D)
  A necromancer (D)
  A wizard (D)
  A kobold demonologist (D)
  3 humans (D)
  4 adders (D)
  2 oozes (D)
  3 orcs (D)
  2 rats (D)
  8 plants (D)
156 creatures vanquished.

Vanquished Creatures (collateral kills)
  Maud (D)
1 creature vanquished.

Vanquished Creatures (others)
  2 draconian scorchers (D)
  A death drake (D)
  A yaktaur (D)
  3 fulminant prisms (D)
  2 plants (D)
9 creatures vanquished.

Grand Total: 166 creatures vanquished

Notes
Turn   | Place    | Note
--------------------------------------------------------------
     0 | D        | Kidiri the Spriggan Enchanter began the quest for the Orb.
     0 | D        | Reached XP level 1. HP: 9/9 MP: 5/5
    14 | D        | Reached skill level 5 in Stealth
    26 | D        | Killed a yaktaur
    49 | D        | Reached XP level 2. HP: 13/13 MP: 5/7
    53 | D        | Learned a level 2 spell: Ensorcelled Hibernation
   112 | D        | Noticed Crazy Yiuf
   116 | D        | Killed Crazy Yiuf
   116 | D        | Reached skill level 5 in Dodging
   116 | D        | Reached skill level 6 in Stealth
   116 | D        | Reached skill level 1 in Ice Magic
   116 | D        | Reached XP level 3. HP: 16/16 MP: 8/10
   118 | D        | Reached skill level 7 in Stealth
   118 | D        | Reached skill level 5 in Spellcasting
   123 | D        | Learned a level 3 spell: Confuse
   127 | D        | Learned a level 3 spell: Tukima's Dance
   131 | D        | Learned a level 3 spell: Dazzling Spray
   166 | D        | Gained mutation: You are somewhat resistant to further mutation. [potion of mutation]
   167 | D        | Lost mutation: You are somewhat resistant to further mutation. [potion of cure mutation]
   168 | D        | Gained mutation: You are covered in fur (AC +1). [potion of mutation]
   168 | D        | Gained mutation: You possess an exceptional clarity of mind. [potion of mutation]
   168 | D        | Gained mutation: You are dopey. (Int -2) [potion of mutation]
   178 | D        | Lost mutation: You are dopey. (Int -2) [potion of cure mutation]
   178 | D        | Lost mutation: You are covered in fur (AC +1). [potion of cure mutation]
   178 | D        | Lost mutation: You possess an exceptional clarity of mind. [potion of cure mutation]
   180 | D        | Noticed a water elemental
   182 | D        | Killed a water elemental
   182 | D        | Reached skill level 8 in Stealth
   182 | D        | Reached skill level 1 in Conjurations
   182 | D        | Reached skill level 5 in Hexes
   182 | D        | Reached XP level 4. HP: 21/21 MP: 11/13
   205 | D        | Noticed a jelly
   206 | D        | Noticed a shadow
   208 | D        | Killed a shadow
   208 | D        | Reached skill level 9 in Stealth
   208 | D        | Reached XP level 5. HP: 24/24 MP: 13/15
   217 | D        | Killed a jelly
   217 | D        | Reached skill level 10 in Stealth
   217 | D        | Reached XP level 6. HP: 23/28 MP: 10/17
   270 | D        | Found a stormy altar of Qazlal.
   271 | D        | Noticed a spatial vortex
   271 | D        | Found a sacrificial altar of Ru.
   271 | D        | Found a burning altar of Makhleb.
   271 | D        | Found a viscous altar of Jiyva.
   271 | D        | Found a shimmering altar of Xom.
   271 | D        | Found a shadowy altar of Dithmenos.
   271 | D        | Found a sparkling altar of Nemelex Xobeh.
   271 | D        | Found a corrupted altar of Lugonu.
   271 | D        | Found an opulent altar of Gozag.
   275 | D        | Became a worshipper of Dithmenos the Shadowed
   295 | D        | Killed a spatial vortex
   295 | D        | Reached skill level 1 in Invocations
   306 | D        | Killed a white draconian scorcher
   425 | D        | Found a radiant altar of Vehumet.
   426 | D        | Found a deep blue altar of Sif Muna.
   426 | D        | Found an ancient bone altar of Kikubaaqudgha.
   426 | D        | Noticed a wizard
   427 | D        | Killed a wizard
   429 | D        | Reached skill level 5 in Short Blades
   429 | D        | Reached skill level 11 in Stealth
   436 | D        | Killed a white draconian scorcher
   468 | D        | Learned a level 3 spell: Passwall
   473 | D        | Learned a level 4 spell: Passage of Golubria
   483 | D        | Found a glowing silver altar of Zin.
   484 | D        | Found a glowing golden altar of the Shining One.
   484 | D        | Found a white marble altar of Elyvilon.
   484 | D        | Noticed a deep elf priest
   486 | D        | Killed a deep elf priest
   486 | D        | Reached skill level 10 in Dodging
   486 | D        | Reached skill level 1 in Earth Magic
   486 | D        | Reached XP level 7. HP: 32/32 MP: 18/20
   530 | D        | Learned a level 5 spell: Lee's Rapid Deconstruction
   541 | D        | Found an iron altar of Okawaru.
   542 | D        | Found a bloodstained altar of Trog.
   542 | D        | Noticed a human
   542 | D        | Noticed a human
   544 | D        | Killed a human
   544 | D        | Reached skill level 12 in Stealth
   545 | D        | Killed a human
   545 | D        | Acquired Dithmenos's first power
   601 | D        | Found a snail-covered altar of Cheibriados.
   601 | D        | Noticed a necrophage
   602 | D        | Found a basalt altar of Yredelemnul.
   602 | D        | Found a blossoming altar of Fedhas.
   602 | D        | Noticed a necromancer
   607 | D        | Killed a necromancer
   607 | D        | Reached XP level 8. HP: 29/34 MP: 12/22
   608 | D        | Killed a necrophage
   737 | D        | Noticed Erica
   739 | D        | Killed Erica
   739 | D        | Reached skill level 13 in Stealth
   739 | D        | Reached skill level 10 in Spellcasting
   739 | D        | Reached skill level 5 in Translocations
   813 | D        | Noticed an earth elemental
   816 | D        | Killed an earth elemental
   821 | D        | Noticed a centaur
   821 | D        | Noticed a centaur warrior
   821 | D        | Noticed a centaur
   828 | D        | Killed a centaur
   834 | D        | Killed a centaur
   834 | D        | Acquired Dithmenos's second power
   834 | D        | Killed a centaur warrior
   834 | D        | Reached skill level 14 in Stealth
   834 | D        | Reached skill level 5 in Transmutations
   834 | D        | Reached skill level 5 in Ice Magic
   834 | D        | Reached XP level 9. HP: 23/37 MP: 0/25
   899 | D        | Learned a level 6 spell: Darkness
  1002 | D        | Noticed an unseen horror
  1004 | D        | Killed an unseen horror
  1014 | D        | Noticed a killer bee
  1014 | D        | Noticed a queen bee
  1014 | D        | Noticed a killer bee
  1014 | D        | Noticed a killer bee
  1014 | D        | Noticed a killer bee
  1014 | D        | Noticed a killer bee
  1014 | D        | Noticed a killer bee
  1014 | D        | Noticed a killer bee
  1014 | D        | Noticed a killer bee
  1014 | D        | Noticed a killer bee
  1014 | D        | Noticed a killer bee
  1014 | D        | Noticed a killer bee
  1014 | D        | Noticed a killer bee
  1014 | D        | Noticed a killer bee
  1014 | D        | Noticed a killer bee
  1015 | D        | Noticed a killer bee
  1015 | D        | Noticed a killer bee
  1015 | D        | Noticed a killer bee
  1015 | D        | Noticed a killer bee
  1015 | D        | Noticed a killer bee
  1015 | D        | Noticed a killer bee
  1015 | D        | Noticed a killer bee
  1015 | D        | Noticed a killer bee
  1015 | D        | Noticed a killer bee
  1015 | D        | Noticed a killer bee
  1015 | D        | Noticed a killer bee
  1015 | D        | Noticed a killer bee
  1015 | D        | Noticed a killer bee
  1015 | D        | Noticed a killer bee
  1015 | D        | Noticed a killer bee
  1015 | D        | Noticed a killer bee
  1015 | D        | Noticed a killer bee
  1015 | D        | Noticed a killer bee
  1018 | D        | Killed a killer bee
  1020 | D        | Killed a killer bee
  1020 | D        | Acquired Dithmenos's third power
  1022 | D        | Killed a killer bee
  1024 | D        | Killed a killer bee
  1026 | D        | Killed a killer bee
  1031 | D        | Killed a killer bee
  1034 | D        | Killed a queen bee
  1037 | D        | Killed a killer bee
  1172 | D        | Killed a killer bee
  1172 | D        | Acquired Dithmenos's fourth power
  1175 | D        | Killed a killer bee
  1177 | D        | Killed a killer bee
  1180 | D        | Killed a killer bee
  1180 | D        | Reached skill level 15 in Stealth
  1185 | D        | Killed a killer bee
  1188 | D        | Killed a killer bee
  1190 | D        | Killed a killer bee
  1190 | D        | Reached XP level 10. HP: 40/42 MP: 2/26
  1219 | D        | Killed a killer bee
  1390 | D        | Killed a killer bee
  1393 | D        | Killed a killer bee
  1397 | D        | Killed a killer bee
  1402 | D        | Killed a killer bee
  1404 | D        | Killed a killer bee
  1406 | D        | Killed a killer bee
  1408 | D        | Killed a killer bee
  1410 | D        | Killed a killer bee
  1412 | D        | Killed a killer bee
  1414 | D        | Killed a killer bee
  1416 | D        | Killed a killer bee
  1418 | D        | Killed a killer bee
  1555 | D        | Killed a killer bee
  1559 | D        | Killed a killer bee
  1560 | D        | Killed a killer bee
  1561 | D        | Killed a killer bee
  1563 | D        | Killed a killer bee
  1563 | D        | Reached skill level 5 in Conjurations
  1690 | D        | Noticed a wandering mushroom
  1691 | D        | Noticed a wandering mushroom
  1691 | D        | Noticed a wandering mushroom
  1699 | D        | Killed a wandering mushroom
  1774 | D        | Killed a wandering mushroom
  1777 | D        | Killed a wandering mushroom
  1799 | D        | Noticed a spiny frog
  1799 | D        | Noticed a komodo dragon
  1799 | D        | Noticed a spiny frog
  1805 | D        | Killed a komodo dragon
  1805 | D        | Reached skill level 16 in Stealth
  1805 | D        | Reached skill level 5 in Earth Magic
  1807 | D        | Killed a spiny frog
  1808 | D        | Killed a spiny frog
  1843 | D        | Noticed a redback
  1845 | D        | Killed a redback
  1846 | D        | Noticed a brain worm
  1849 | D        | Killed a brain worm
  1852 | D        | Noticed a brain worm
  1854 | D        | Killed a brain worm
  1854 | D        | Reached skill level 15 in Dodging
  1857 | D        | Noticed a lindwurm
  1859 | D        | Noticed a redback
  1860 | D        | Killed a lindwurm
  1862 | D        | Killed a redback
  1869 | D        | Noticed a redback
  1870 | D        | Killed a redback
  1871 | D        | Noticed Maud
  1879 | D        | Killed Maud
  1879 | D        | Reached skill level 17 in Stealth
  1879 | D        | Reached XP level 11. HP: 33/47 MP: 14/29
  1989 | D        | Learned a level 4 spell: Fulminant Prism
  2073 | D        | Noticed an electric eel
  2074 | D        | Noticed a six-headed hydra
  2074 | D        | Noticed a seven-headed hydra
  2075 | D        | Killed an electric eel
  2437 | D        | Killed a six-headed hydra
  2437 | D        | Reached skill level 10 in Hexes
  2449 | D        | Killed a death drake
  2452 | D        | Killed a seven-headed hydra
  2509 | D        | Found a blossoming altar of Fedhas.
  2509 | D        | Noticed a spriggan
  2509 | D        | Noticed a spriggan druid
  2509 | D        | Noticed a spriggan
  2511 | D        | Killed a spriggan druid
  2512 | D        | Killed a spriggan
  2513 | D        | Killed a spriggan
  2828 | D        | Noticed a death drake
  2830 | D        | Killed a death drake
  2833 | D        | Noticed a death drake
  2883 | D        | HP: 2/47 [poisoned by something (dark miasma)]
  2891 | D        | HP: 1/47 [poisoned by something (dark miasma)]
  3270 | D        | Noticed a swamp drake
  3270 | D        | Noticed a fire drake
  3271 | D        | Killed a fire drake
  3273 | D        | Killed a swamp drake
  3280 | D        | Noticed a blink frog
  3280 | D        | Noticed a blink frog
  3280 | D        | Noticed a blink frog
  3282 | D        | Noticed a blink frog
  3290 | D        | Killed a blink frog
  3292 | D        | Killed a blink frog
  3293 | D        | Noticed a blink frog
  3294 | D        | Killed a blink frog
  3302 | D        | Killed a blink frog
  3310 | D        | Killed a blink frog
  3380 | D        | Learned a level 4 spell: Iskenderun's Mystic Blast
  3387 | D        | Noticed Rupert
  3389 | D        | Killed Rupert
  3389 | D        | Reached skill level 18 in Stealth
  3389 | D        | Reached skill level 10 in Translocations
  3575 | D        | Noticed a death yak
  3576 | D        | Noticed a death yak
  3576 | D        | Noticed a blink frog
  3577 | D        | Noticed an azure jelly
  3577 | D        | Noticed a death yak
  3577 | D        | Noticed an azure jelly
  3577 | D        | Noticed a blink frog
  3577 | D        | Noticed a death yak
  3578 | D        | Killed a death yak
  3579 | D        | Killed a death yak
  3580 | D        | Killed a blink frog
  3580 | D        | Reached skill level 10 in Transmutations
  3580 | D        | Reached XP level 12. HP: 51/51 MP: 25/31
  3581 | D        | Noticed a blink frog
  3581 | D        | Noticed a black mamba
  3582 | D        | Killed a death yak
  3582 | D        | Reached skill level 10 in Short Blades
  3583 | D        | Noticed a black mamba
  3584 | D        | Killed a death yak
  3585 | D        | Killed a blink frog
  3586 | D        | Killed a blink frog
  3586 | D        | Reached skill level 19 in Stealth
  3588 | D        | Killed a black mamba
  3588 | D        | Reached skill level 15 in Spellcasting
  3589 | D        | Killed a black mamba
  3603 | D        | Noticed an azure jelly
  3603 | D        | Noticed an azure jelly
  3616 | D        | Noticed a water moccasin
  3617 | D        | Noticed a water moccasin
  3620 | D        | Killed a water moccasin
  3622 | D        | Killed a water moccasin
  3663 | D        | Noticed an anaconda
  3667 | D        | Noticed an anaconda
  3667 | D        | Noticed an anaconda
  3668 | D        | Killed an anaconda
  3671 | D        | Killed an anaconda
  3673 | D        | Killed an anaconda
  3701 | D        | Noticed an anaconda
  3701 | D        | Noticed an anaconda
  3701 | D        | Noticed a water moccasin
  3701 | D        | Noticed a water moccasin
  3702 | D        | Noticed a black mamba
  3703 | D        | Killed an anaconda
  3706 | D        | Killed an anaconda
  3707 | D        | Killed a water moccasin
  3710 | D        | Killed a water moccasin
  3712 | D        | Killed a black mamba
  3736 | D        | Noticed an anaconda
  3736 | D        | Noticed a water moccasin
  3737 | D        | Noticed a black mamba
  3739 | D        | Killed an anaconda
  3743 | D        | Killed a water moccasin
  3749 | D        | Killed a black mamba
  3871 | D        | Noticed a naga
  3871 | D        | Noticed a naga
  3872 | D        | Noticed a naga warrior
  3872 | D        | Noticed a greater naga
  3872 | D        | Found Tonuprog's Book Boutique.
  3872 | D        | Found Muud Fus's Magic Scroll Emporium.
  3873 | D        | Killed a naga
  3874 | D        | Killed a naga
  3875 | D        | Found Qocenu's Antique Armour Shop.
  3876 | D        | Killed a naga warrior
  3876 | D        | Reached skill level 20 in Stealth
  3877 | D        | Killed a greater naga
  3902 | D        | Noticed a guardian serpent
  3905 | D        | Killed a guardian serpent
  3906 | D        | Got a serpentine rune of Zot
  4073 | D        | Learned a level 5 spell: Venom Bolt
  4158 | D        | Noticed an elephant
  4158 | D        | Noticed an elephant
  4158 | D        | Noticed a dire elephant
  4158 | D        | Noticed a dire elephant
  4158 | D        | Noticed Gastronok
  4160 | D        | Killed Gastronok
  4160 | D        | Reached skill level 1 in Poison Magic
  4161 | D        | Killed a dire elephant
  4161 | D        | Reached XP level 13. HP: 55/55 MP: 34/34
  4169 | D        | Killed a dire elephant
  4172 | D        | Killed an elephant
  4174 | D        | Killed an elephant
  4573 | D        | Found Hozaruv's Antique Armour Emporium.
  4573 | D        | Noticed an orc wizard
  4573 | D        | Noticed an orc high priest
  4574 | D        | Noticed an orc priest
  4574 | D        | Noticed an orc high priest
  4574 | D        | Noticed an orc wizard
  4574 | D        | Noticed an orc priest
  4574 | D        | Noticed an orc priest
  4574 | D        | Noticed an orc priest
  4574 | D        | Noticed an orc warrior
  4574 | D        | Noticed an orc wizard
  4574 | D        | Noticed an orc priest
  4574 | D        | Noticed an orc priest
  4574 | D        | Noticed an orc priest
  4574 | D        | Noticed an orc sorcerer
  4574 | D        | Noticed an orc priest
  4575 | D        | Killed an orc high priest
  4577 | D        | Killed an orc priest
  4578 | D        | Killed an orc priest
  4580 | D        | Killed an orc high priest
  4581 | D        | Killed an orc wizard
  4581 | D        | Killed an orc priest
  4581 | D        | Killed an orc priest
  4584 | D        | Killed an orc priest
  4586 | D        | Killed an orc priest
  4586 | D        | Killed an orc wizard
  4586 | D        | Killed an orc sorcerer
  4588 | D        | Killed an orc priest
  4588 | D        | Killed an orc wizard
  4591 | D        | Killed an orc priest
  4592 | D        | Killed an orc warrior
  4910 | D        | Bought a book of Clouds for 630 gold pieces
  5059 | D        | Noticed a deep elf summoner
  5059 | D        | Noticed a deep elf knight
  5059 | D        | Noticed a deep elf priest
  5059 | D        | Noticed a deep elf summoner
  5059 | D        | Noticed a deep elf knight
  5069 | D        | Killed a deep elf priest
  5071 | D        | Killed a deep elf knight
  5071 | D        | Reached skill level 21 in Stealth
  5072 | D        | Killed a deep elf knight
  5074 | D        | Killed a deep elf summoner
  5079 | D        | Killed a deep elf summoner
  5345 | D        | Noticed a deep elf annihilator
  5345 | D        | Noticed a deep elf annihilator
  5352 | D        | Noticed a deep elf death mage
  5354 | D        | Noticed a deep elf blademaster
  5355 | D        | Killed a deep elf annihilator
  5357 | D        | Noticed a deep elf high priest
  5358 | D        | Noticed a deep elf conjurer
  5360 | D        | Noticed a deep elf demonologist
  5498 | D        | Killed a deep elf demonologist
  5502 | D        | Killed a deep elf high priest
  5644 | D        | Killed a deep elf death mage
  5649 | D        | Killed a deep elf conjurer
  6210 | D        | Killed a ghostly deep elf high priest
  6544 | D        | Killed a deep elf annihilator
  6714 | D        | Mangled by a deep elf blademaster

Vault maps used:
D:        dungeon_sprint_mu

Action                   |  1- 3 |  4- 6 |  7- 9 | 10-12 | 13-15 || total
-------------------------+-------+-------+-------+-------+-------++-------
Melee: Dagger            |    13 |    13 |    27 |   204 |    24 ||   281
 Cast: Ensorcelled Hiber |     1 |     2 |    24 |    50 |     4 ||    81
       Dazzling Spray    |       |     4 |    13 |    14 |     6 ||    37
       Tukima's Dance    |       |       |       |     1 |     1 ||     2
       Venom Bolt        |       |       |       |       |    70 ||    70
       Iskenderun's Myst |       |       |       |       |     3 ||     3
       Fulminant Prism   |       |       |       |       |     3 ||     3
       Passage of Golubr |       |       |       |       |     1 ||     1
Invok: Shadow Step       |       |       |       |    14 |     1 ||    15
 Abil: Evoke Invisibilit |       |       |       |     2 |       ||     2
  Use: Potion            |     4 |     1 |       |     3 |     1 ||     9
       Scroll            |     4 |       |       |     1 |       ||     5
 Stab: Sleeping          |     6 |     5 |    20 |    72 |     5 ||   108
       Invisible         |       |       |       |       |     2 ||     2
       Distracted        |       |       |       |       |     1 ||     1
  Eat: Bread ration      |       |       |       |     1 |       ||     1
       Fruit             |       |       |       |       |    11 ||    11
